 Dungeon Crawl Stone Soup version 0.21.1-1-g345015f (webtiles) character file.

86 Jawreze the Magician (level 4, -1/24 HPs)
             Began as a Deep Elf Wizard on June 2, 2018.
             Slain by a leopard gecko (5 damage)
             ... on level 3 of the Dungeon.
             The game lasted 00:06:14 (2231 turns).

Jawreze the Magician (Deep Elf Wizard)              Turns: 2231, Time: 00:06:15

Health: -1/24      AC:  2    Str:  4    XL:     4   Next: 26%
Magic:  2/13       EV: 14    Int: 24    God:
Gold:   66         SH:  0    Dex: 17    Spells: 5/13 levels left

rFire    . . .     SeeInvis .   g - +0 dagger
rCold    + . .     Gourm    .   (no shield)
rNeg     . . .     Faith    .   a - +0 robe
rPois    .         Spirit   .   i - -1 helmet "Ryluapn" {-Tele rC+ Dex+4} (curse)
rElec    .         Reflect  .   (no cloak)
rCorr    .         Harm     .   (no gloves)
MR       .....     NoTele   +   (no boots)
Stlth    ++........             (no amulet)
HPRegen  0.08/turn              (no ring)
MPRegen  0.13/turn              (no ring)

@: no status effects
A: no striking features
a: no special abilities


You were on level 3 of the Dungeon.
You were hungry.

You visited 1 branch of the dungeon, and saw 3 of its levels.

You collected 66 gold pieces.

Inventory:

Hand Weapons
 g - a +0 dagger (weapon)
Armour
 a - a +0 robe (worn)
 b - a +0 hat
 i - the cursed -1 helmet "Ryluapn" (worn) {-Tele rC+ Dex+4}
   (You took it off Robin on level 2 of the Dungeon)

   It affects your dexterity (+4).
   It protects you from cold.
   It prevents most forms of teleportation.
   It has a curse placed upon it.
Scrolls
 h - a scroll of noise {unknown}
 j - a scroll of identify {unknown}
Potions
 e - a potion of resistance {unknown}
 k - a potion of mutation {unknown}
Books
 c - a book of Minor Magic

   Spells                             Type                      Level
   a - Magic Dart                     Conjuration                  1
   b - Blink                          Translocation                2
   c - Call Imp                       Summoning                    2
   d - Slow                           Hexes                        2
   e - Conjure Flame                  Conjuration/Fire             3
   f - Mephitic Cloud                 Conjuration/Poison/Air       3
Comestibles
 d - 4 rations


   Skills:
 + Level 3.4 Dodging
 - Level 2.4 Stealth
 + Level 5.2 Spellcasting
 * Level 3.3 Conjurations
 - Level 1.1 Summonings
 - Level 1.1 Translocations


You had 5 spell levels left.
You knew the following spells:

 Your Spells              Type           Power        Failure   Level  Hunger
a - Magic Dart            Conj           ###.         2%          1    None
b - Call Imp              Summ           ##......     9%          2    None
c - Mephitic Cloud        Conj/Pois/Air  ##......     16%         3    ##.....
d - Blink                 Tloc           N/A          9%          2    None


Dungeon Overview and Level Annotations

Branches:
Dungeon (3/15)

Altars:

Annotations:
D:3 Sigmund


Message History

Your crimson imp blinks!
You closely miss the leopard gecko.
The leopard gecko is heavily wounded.
The leopard gecko bites you.
* * * LOW HITPOINT WARNING * * *
2 orcs come into view.
You hit the leopard gecko but do no damage.
The leopard gecko is heavily wounded.
The goblin hits you but does no damage. The leopard gecko barely misses you.
You barely miss the leopard gecko.
The leopard gecko is heavily wounded.
The leopard gecko bites you.
* * * LOW HITPOINT WARNING * * *
The goblin misses you.
An orc wizard comes into view. It is wielding a dagger.
You miss the leopard gecko.
The leopard gecko is heavily wounded.
The leopard gecko barely misses you. The goblin barely misses you.
The leopard gecko bites you.
You die...

#########
...o.gg@#
.o...##l#
..o..##5##
##...#...##
.<.......########
.#...............
.........########
..<..#...##
.....##.##


You could see an orc wizard, 2 orcs, a leopard gecko, 2 goblins and a friendly
crimson imp.

Vanquished Creatures
  Robin (D:2)
  An adder (D:2)
  2 worms (D:2)
  2 dart slugs
  A leopard gecko (D:2)
  A ball python (D:2)
  5 giant cockroaches
  15 goblins
  6 hobgoblins (D:2)
  4 kobolds
  4 bats (D:1)
  6 frilled lizards
  6 rats
54 creatures vanquished.

Notes
Turn   | Place    | Note
-------+----------+-------------------------------------------
     0 | D:1      | Jawreze the Deep Elf Wizard began the quest for the Orb.
     0 | D:1      | Reached XP level 1. HP: 10/10 MP: 7/7
   643 | D:1      | Reached XP level 2. HP: 15/15 MP: 7/9
   648 | D:1      | Learned a level 2 spell: Call Imp
  1131 | D:1      | Reached XP level 3. HP: 19/19 MP: 7/11
  1357 | D:2      | Noticed Robin
  1476 | D:2      | Killed Robin
  1476 | D:2      | Reached skill level 5 in Spellcasting
  1541 | D:2      | Got a scorched helmet
  1552 | D:2      | Identified the cursed -1 helmet "Ryluapn" {-Tele rC+ Dex+4} (You took it off Robin on level 2 of the Dungeon)
  1810 | D:2      | Reached XP level 4. HP: 18/24 MP: 5/13
  1926 | D:2      | Learned a level 3 spell: Mephitic Cloud
  1929 | D:2      | Learned a level 2 spell: Blink
  2204 | D:3      | Noticed Sigmund
  2231 | D:3      | Slain by a leopard gecko

Skill      XL: |  1  2  3 |
---------------+----------+-----
Conjurations   | 2 3 |  3.3
Dodging        | 3 |  3.4
Spellcasting   | 5 |  5.2
Stealth        | |  2.4
Summonings     | |  1.1
Translocations | |  1.1

Action                   |  1- 3 |  4- 6 || total
-------------------------+-------+-------++-------
Melee: Dagger            |     4 |    15 ||    19
 Cast: Magic Dart        |   109 |    28 ||   137
       Mephitic Cloud    |       |     1 ||     1
       Call Imp          |       |     1 ||     1
  Use: Scroll            |     1 |       ||     1
  Eat: Chunk             |     2 |     1 ||     3
Armor: Robe              |     2 |     1 ||     3
Dodge: Dodged            |     9 |    20 ||    29
